 Dungeon Crawl Stone Soup version 0.19.3-1-g3169bf9 (console) character file.

141 Grinner the Cudgeler (level 5, 0/50 HPs)
             Began as an Ogre Gladiator on Jan 27, 2017.
             Succumbed to a worker ant's poison
             ... on level 4 of the Dungeon.
             The game lasted 00:06:26 (1826 turns).

Grinner the Cudgeler (Ogre Gladiator)               Turns: 1826, Time: 00:06:27

Health: 0/50       AC:  9    Str: 18 (21) XL:     5   Next: 24%
Magic:  5/5        EV: 11    Int:  5 (7)  God:
Gold:   110        SH:  0    Dex:  9 (10) Spells: 0 memorised, 4 levels left

rFire  . . .     SeeInvis .     a - +0 dire flail
rCold  . . .     Gourm    +     b - +0 robe
rNeg   + . .     Faith    .     (shield currently unavailable)
rPois  .         Spirit   .     c - +2 hat
rElec  .         Reflect  .     (no cloak)
rCorr  .         Harm     .     (gloves unavailable)
MR     .....                    (boots unavailable)
Stlth  +.........               i - amulet of the gourmand
                                (no ring)
                                e - ring of positive energy

@: lethally poisoned (0 -> -14)
A: unfitting armour, iridescent scales 1, slimy green scales 1, deterioration 1,
tough skin 1
a: no special abilities


You were on level 4 of the Dungeon.
You were not hungry.

You visited 1 branch of the dungeon, and saw 4 of its levels.

You collected 110 gold pieces.

Inventory:

Hand Weapons
 a - a +0 dire flail (weapon)
 k - a +0 flail
 n - a +0 mace
Missiles
 d - 2 throwing nets (quivered)
Armour
 b - a +0 robe (worn)
 c - a +2 hat (worn)
Jewellery
 e - a ring of positive energy (left hand)
 i - an amulet of the gourmand (around neck)
Wands
 p - a wand of polymorph (0/24)
Scrolls
 h - a scroll of amnesia
 j - a scroll of identify
 m - a scroll of remove curse
 r - 3 scrolls of enchant armour
 u - a scroll of teleportation
Potions
 o - a potion of flight
Comestibles
 f - 4 bread rations
 g - 2 fruits
 q - a meat ration


   Skills:
 - Level 2.6 Fighting
 * Level 6.5 Maces & Flails
 - Level 2.0 Throwing
 + Level 3.8 Dodging


You had 4 spell levels left.
You didn't know any spells.

Dungeon Overview and Level Annotations

Branches:
Dungeon (4/15)
 Temple: D:4-7

Altars:
Dithmenos
Fedhas
Yredelemnul

Annotations:
D:3 jjjjhere's ghost, amateur VSIE


Innate Abilities, Weirdness & Mutations

You are too large for most types of armour.
You have tough skin. (AC +1)
You are partially covered in iridescent scales. (AC +2)
You are partially covered in slimy green scales. (AC +2)
Your body sometimes deteriorates upon taking damage.


Message History

* * * LOW HITPOINT WARNING * * *
The leopard gecko bites you but does no damage.
You closely miss the leopard gecko.
The worker ant bites you but does no damage.
The leopard gecko barely misses you.
The leopard gecko completely misses you.
You puncture the leopard gecko!
You kill the leopard gecko!
The worker ant bites you.
* * * LOW HITPOINT WARNING * * *
You are lethally poisoned!
The worker ant poisons you!
The leopard gecko bites you but does no damage.
The worker ant bites you.
* * * LOW HITPOINT WARNING * * *
You are more poisoned.
The worker ant poisons you!
You puncture the worker ant!
The worker ant is severely wounded.
You die...

. ##.## #...# #...#
#...# #...# #
####...######.# ..
.............#.#..##
...........l.aoo...)
............@#...
.####...###### #...#
#...# #...# #... ##


You could see a worker ant, 2 orcs and a leopard gecko.

Vanquished Creatures
  A hound (D:4)
  Jessica (D:2)
  An adder (D:2)
  An ooze (D:1)
  3 worms (D:2)
  5 dart slugs
  4 leopard geckos
  An orc (D:3)
  4 giant cockroaches
  6 goblins (D:1)
  3 hobgoblins
  2 jackals (D:2)
  2 quokkas (D:2)
  2 ball pythons
  5 bats
  2 frilled lizards
  3 kobolds
  4 rats
50 creatures vanquished.

Notes
Turn   | Place    | Note
-------+----------+-------------------------------------------
     0 | D:1      | Grinner the Ogre Gladiator began the quest for the Orb.
     0 | D:1      | Reached XP level 1. HP: 22/22 MP: 1/1
    15 | D:1      | Reached XP level 2. HP: 29/29 MP: 2/2
   267 | D:1      | Reached XP level 3. HP: 35/36 MP: 3/3
   403 | D:1      | Reached skill level 5 in Maces & Flails
   746 | D:2      | Found a blossoming altar of Fedhas.
   748 | D:2      | Noticed Jessica
   752 | D:2      | Killed Jessica
   752 | D:2      | Reached XP level 4. HP: 36/44 MP: 4/4
  1509 | D:2      | Reached skill level 6 in Maces & Flails
  1641 | D:3      | Gained mutation: You are partially covered in iridescent scales. (AC +2) [potion of mutation]
  1641 | D:3      | Gained mutation: You are partially covered in slimy green scales. (AC +2) [potion of mutation]
  1641 | D:3      | Gained mutation: Your body sometimes deteriorates upon taking damage. [potion of mutation]
  1721 | D:3      | Found a basalt altar of Yredelemnul.
  1721 | D:3      | Found a shadowy altar of Dithmenos.
  1724 | D:3      | Noticed jjjjhere's ghost (amateur VSIE)
  1763 | D:4      | Noticed Blork the orc
  1764 | D:4      | Noticed Blork
  1764 | D:4      | Blork the orc changed into Blork the gnoll
  1765 | D:4      | Noticed Blork
  1765 | D:4      | Blork the gnoll changed into Blork the ball python
  1769 | D:4      | Killed Blork the ball python
  1799 | D:4      | Noticed Sigmund
  1799 | D:4      | Noticed Sigmund
  1799 | D:4      | Sigmund changed into Sigmund the killer bee
  1806 | D:4      | Noticed Sigmund
  1806 | D:4      | Sigmund the killer bee changed into Sigmund the hound
  1819 | D:4      | Killed Sigmund the hound
  1819 | D:4      | Reached XP level 5. HP: 19/50 MP: 5/5
  1825 | D:4      | HP: 2/50 [worker ant (2)]
  1826 | D:4      | Succumbed to a worker ant's poison

Skill      XL: |  1  2  3  4 |
---------------+-------------+-----
Dodging        | 3 |  3.8
Maces & Flails | 5 6 |  6.5
Fighting       | |  2.6
Throwing       | |  2.0

Action                   |  1- 3 |  4- 6 || total
-------------------------+-------+-------++-------
Melee: Flail             |    57 |       ||    57
       Mace              |    24 |   108 ||   132
       Whip              |     7 |       ||     7
       Dire flail        |       |    23 ||    23
Throw: Throwing net      |       |     2 ||     2
Evoke: Wand              |       |     4 ||     4
  Use: Scroll            |       |    11 ||    11
       Potion            |       |     6 ||     6
  Eat: Chunk             |       |     6 ||     6
Armor: Robe              |    29 |    49 ||    78
Dodge: Dodged            |    59 |   102 ||   161
